 Dungeon Crawl Stone Soup version 0.28-a0-2-g643f2454ad (webtiles) character file.

Game seed: 6951735374899195659

50 Demosthentine the Poker (level 3, -1/28 HPs)
             Began as a Merfolk Gladiator on July 22, 2021.
             Killed by nerve-wracking pain
             ... invoked by Grinder
              (8 damage)
             ... while paralysed by Grinder
             ... on level 3 of the Dungeon.
             The game lasted 00:01:37 (1547 turns).

Demosthentine the Poker (Merfolk Gladiator)         Turns: 1547, Time: 00:01:38

Health: -1/28      AC:  5    Str: 15    XL:     3   Next: 79%
Magic:  3/3        EV:  2    Int:  7    God:
Gold:   103        SH:  0    Dex: 15    Spells: 2/2 levels left

rFire   . . .      SeeInvis .   a - +0 trident
rCold   . . .      Faith    .   (no shield)
rNeg    . . .      Spirit   .   b - +0 leather armour
rPois   .          Reflect  .   c - +0 helmet
rElec   .          Harm     .   (no cloak)
rCorr   .          Rampage  .   (no gloves)
Will    .....                   i - +0 pair of boots
Stlth   +.........              (no amulet)
HPRegen 0.09/turn               (no ring)
MPRegen 0.08/turn               (no ring)

@: paralysed
A: (nimble swimmer 2), mertail
a: no special abilities


You were on level 3 of the Dungeon.
You visited 1 branch of the dungeon, and saw 3 of its levels.

You collected 103 gold pieces.

Inventory:

Hand Weapons
 a - a +0 trident (weapon)
Missiles
 d - 3 throwing nets (quivered)
Armour
 b - a +0 leather armour (worn)
 c - a +0 helmet (worn)
 i - a +0 pair of boots (worn)
Potions
 e - a potion of magic
 g - a potion of flight {unknown}
 h - a potion of haste


   Skills:
 + Level 2.9 Fighting
 + Level 5.1 Polearms
 - Level 2.0 Throwing
 + Level 1.0 Armour
 + Level 4.6 Dodging


You had 2 spell levels left.
You didn't know any spells.
Your spell library was empty.

Dungeon Overview and Level Annotations

Branches:
Dungeon (3/15)

Altars:

Annotations:
D:3 Grinder


Innate Abilities, Weirdness & Mutations

((You are quick and stealthy near water. (Stealth+, EV+, Speed+++)))
Your lower body shifts to a powerful aquatic tail in water.


Message History

Grinder blinks!
Grinder is nearby!
You closely miss Grinder. Grinder misses you.
Grinder is nearby!
You barely miss Grinder. Grinder misses you.
Grinder is nearby!
You puncture Grinder!
Grinder is lightly wounded.
Grinder blinks!
You reach to attack!
You closely miss Grinder.
Grinder is lightly wounded.
You hit Grinder but do no damage.
Grinder is lightly wounded.
Grinder hits you but does no damage.
You hit Grinder.
Grinder is moderately wounded.
Grinder says, "DUCK!"
Grinder closely misses you.
You hit Grinder.
Grinder is moderately wounded.
Grinder hits you.
You writhe in agony.
You barely miss Grinder.
Grinder is moderately wounded.
Grinder hits you but does no damage.
You puncture Grinder!
Grinder is heavily wounded.
Grinder hits you but does no damage.
You hit Grinder.
Grinder is severely wounded.
Grinder barely misses you.
You puncture Grinder!
Grinder is severely wounded.
Grinder gestures at you.
You suddenly lose the ability to move!
Grinder gestures at you. Pain shoots through your body!
* * * LOW HITPOINT WARNING * * *
Grinder gestures at you. Pain shoots through your body!
You die...

### #.. #.#
#.# #.#
#######(##
........<#
.######.##.#
.......@.(.#
..#####5####
#.# #.# #.#
... #.# ...


You could see Grinder.

Vanquished Creatures
  2 adders (D:2)
  A dart slug (D:1)
  5 ball pythons
  3 endoplasms (D:1)
  2 giant cockroaches
  A goblin (D:1)
  4 hobgoblins
  2 jackals (D:2)
  A kobold (D:2)
  A quokka (D:1)
  2 bats (D:1)
  2 frilled lizards (D:2)
  2 rats (D:1)
28 creatures vanquished.

Notes
Turn   | Place    | Note
-------+----------+-------------------------------------------
     0 | D:1      | Demosthentine the Merfolk Gladiator began the quest for the
                  | Orb.
     0 | D:1      | Reached XP level 1. HP: 16/16 MP: 1/1
   124 | D:1      | Reached XP level 2. HP: 21/23 MP: 2/2
   492 | D:1      | You fall into a shaft and drop 1 floor!
   634 | D:2      | Reached XP level 3. HP: 28/28 MP: 3/3
  1199 | D:2      | Reached skill level 5 in Polearms
  1211 | D:2      | Found a faded altar of an unknown god.
  1429 | D:2      | Reached skill level 1 in Armour
  1533 | D:3      | Noticed Grinder
  1545 | D:3      | Paralysed by Grinder for 5 turns
  1547 | D:3      | Killed from afar by Grinder

Illustrated notes

Levels and vault maps discovered:
D:1:      psy_arrival_spokes, layout_loops_ring
D:2:      layout_basic, shapermc_ecumenical_altar_petra
D:3:      layout_basic, mainiacjoe_overflow_concentric_impassable,
          minmay_misc_feat_cross, minmay_distorted, uniq_jessica, uniq_grinder,
          uniq_robin

Skill      XL: |  1  2  3 |
---------------+----------+-----
Polearms       | 5 |  5.1
Armour         | 1 |  1.0
Fighting       | |  2.9
Throwing       | |  2.0
Dodging        | |  4.6

Action                   || total
-------------------------++-------
Melee: Trident           ||    86
  Use: Scroll            ||     3
Armor: Leather armour    ||    24
Dodge: Dodged            ||    44

Table legend: (Time is in decaauts)
 A = Elapsed time spent in this place.
 B = Non-inter-level travel time spent in this place.
 C = Inter-level travel time spent in this place.
 D = Time resting spent in this place.
 E = Time spent auto-exploring this place.
 F = Levels seen in this place.
 G = Mean time per level.
                   A        B        C        D        E       F      G
               +--------+--------+--------+--------+--------+-----+--------+
         Total |   1552 |   1487 |     65 |      0 |   1287 |   3 |  517.3 |
       Dungeon |   1552 |   1487 |     65 |      0 |   1287 |   3 |  517.3 |
               +--------+--------+--------+--------+--------+-----+--------+

Top non-repeatable levels by time:
     D:1: 893 daAuts
     D:2: 642 daAuts
     D:3: 16 daAuts
